 Dungeon Crawl Stone Soup version 0.29-a0-789-g7a8fcbc185 (webtiles) character file.

Game seed: 14707146949446973909

1148 buhh the Insei (level 8, -6/55 HPs)
             Began as an Octopode Transmuter on July 3, 2022.
             Killed from afar by an orc wizard (10 damage)
             ... with a magic dart
             ... on level 6 of the Dungeon.
             The game lasted 00:11:34 (6693 turns).

buhh the Insei (Octopode Transmuter)                Turns: 6693, Time: 00:11:34

Health: -6/55      AC:  1    Str:  9    XL:     8   Next: 38%
Magic:  8/11       EV: 14    Int: 17    God:
Gold:   249        SH:  0    Dex: 13    Spells: 5/11 levels left

rFire   . . .      SeeInvis .     - Unarmed
rCold   . . .      Faith    .   (no shield)
rNeg    . . .      Spirit   .   (helmet restricted)
rPois   .          Reflect  .   g - amulet of regeneration
rElec   .          Harm     .   (no ring)
rCorr   .          Rampage  .   (no ring)
Will    .....                   (no ring)
Stlth   +++.......              (no ring)
HPRegen 0.98/turn               (no ring)
MPRegen 0.12/turn               (no ring)
                                (no ring)
                                (no ring)

@: wereblooded
A: almost no armour, amphibious, 8 rings, camouflage 1, gelatinous body 1,
(nimble swimmer 1), tentacles
a: no special abilities


You were on level 6 of the Dungeon.
You visited 1 branch of the dungeon, and saw 6 of its levels.

You collected 249 gold pieces.

Inventory:

Missiles
 j - 6 atropa-tipped darts
 o - 16 poisoned darts
Jewellery
 f - an amulet of magic regeneration
 g - an amulet of regeneration (around mantle)
Wands
 v - a wand of mindburst (22)
Scrolls
 c - a scroll of fear {!r}
 e - a scroll of summoning
 i - a scroll of vulnerability
 p - a scroll of immolation {unknown}
 q - a scroll of teleportation {unknown}
 r - a scroll of acquirement {unknown}
 s - a scroll of blinking {unknown}
 t - a scroll of poison {unknown}
 w - a scroll of noise {unknown}
 P - a scroll of magic mapping {!r!d}
 X - a scroll of amnesia
Potions
 a - a potion of cancellation {unknown}
 d - a potion of experience {unknown}
 h - a potion of brilliance {unknown}
 k - 2 potions of flight
 l - a potion of lignification {!d}
 m - a potion of haste {unknown}
 n - a potion of heal wounds {unknown}
 u - a potion of berserk rage {unknown}


   Skills:
 + Level 5.3 Fighting
 * Level 4.6 Dodging
 - Level 2.0 Stealth
 + Level 6.3 Unarmed Combat
 - Level 2.0 Spellcasting
 - Level 3.0 Transmutations
 - Level 3.0 Poison Magic


You had 5 spell levels left.
You knew the following spells:

 Your Spells              Type           Power      Damage    Failure   Level
a - Beastly Appendage     Tmut           22%        N/A       5%          1
b - Wereblood             Tmut           11%        N/A       9%          2
c - Spider Form           Tmut/Pois      11%        N/A       17%         3

Your spell library contained the following spells:

 Spells                   Type           Power      Damage    Failure   Level
 Necrotize                Necr           4%         1d4       19%         1
 Vampiric Draining        Necr           1%         2d6       50%         3
 Ice Form                 Ice/Tmut       6%         N/A       71%         4
 Agony                    Necr           1%         N/A       99%         5


Dungeon Overview and Level Annotations

Branches:
Dungeon (6/15) Zot: 26948  Temple (0/1) D:6

Altars:
Dithmenos

Annotations:
D:3 Ijyb
D:4 Menkaure


Innate Abilities, Weirdness & Mutations

You cannot wear most types of armour.
You are amphibious.
You can wear up to eight rings at the same time.
Your skin changes colour to match your surroundings (Stealth+).
Your rubbery body absorbs attacks. (AC +1, EV +1)
((You are camouflaged when in or above water. (Stealth+)))
You have tentacles for arms and can constrict up to eight enemies at once.


Message History

The ice beast is severely wounded.
You hit the ice beast but do no damage.
The ice beast is severely wounded.
Something hits you. The ice beast hits you. The ice beast freezes you!
You hit the ice beast but do no damage.
The ice beast is severely wounded.
Your transformation has ended.
The orc hits you with a +0 hand axe!
* * * LOW HITPOINT WARNING * * *
The ice beast hits you.
* * * LOW HITPOINT WARNING * * *
The ice beast freezes you.
* * * LOW HITPOINT WARNING * * *
It was a potion of curing.
You feel better.
N - a potion of curing You howl as the wereblood boils in your veins!
An orc comes into view. It is wielding a +0 trident.
The orc misses you. The ice beast misses you. Something hits you.
* * * LOW HITPOINT WARNING * * *
You hear some strange, mumbled words.
You are confused.
The orc shouts!
Something hits you.
* * * LOW HITPOINT WARNING * * *
The orc misses you. Something hits you.
* * * LOW HITPOINT WARNING * * *
The orc hits you with a +0 hand axe.
* * * LOW HITPOINT WARNING * * *
The ice beast misses you.
You are too confused!
Really quaff
N - a potion of curing {!q!d}?
You feel better.
The orc hits you from afar with a +0 trident.
* * * LOW HITPOINT WARNING * * *
The orc misses you. Something hits you.
* * * LOW HITPOINT WARNING * * *
You hear some strange, mumbled words.
A magic dart appears from out of thin air!
The magic dart hits you!
You die...

........# ..
........#....
............
..(.......#. .
........#.. ..>
........o.#....
......o{#...#
#...{@Y#
##.....#
..###..##.#
#..#..###.#
.##.....##..####
...............#
#.........##...#
##..._...####..#
#.........##...#


You could see an ice beast (poisoned) and 2 orcs.

Vanquished Creatures
  Grinder (D:4)
  Eustachio (D:4)
  An ice beast (D:5)
  An ogre (D:4)
  A necrophage (D:5)
  2 scorpions
  2 orc priests (D:4)
  A jelly (D:4)
  2 iguanas (D:4)
  Natasha (thrice) (D:4)
  2 orc wizards
  9 adders
  A worm (D:4)
  3 dart slugs
  14 orcs
  6 endoplasms
  A giant cockroach (D:2)
  9 goblins
  10 hobgoblins
  4 jackals (D:2)
  4 quokkas
  5 ball pythons
  2 bats
  4 frilled lizards
  4 kobolds
  3 rats
96 creatures vanquished.

Notes
Turn   | Place    | Note
-------+----------+-------------------------------------------
     0 | D:1      | buhh the Octopode Transmuter began the quest for the Orb.
     0 | D:1      | Reached XP level 1. HP: 13/13 MP: 3/3
   124 | D:1      | Found a faded altar of an unknown god.
   128 | D:1      | Reached XP level 2. HP: 13/18 MP: 3/5
  1053 | D:2      | Learned a level 2 spell: Wereblood
  1130 | D:2      | Reached XP level 3. HP: 19/24 MP: 4/6
  1861 | D:2      | Reached XP level 4. HP: 20/30 MP: 5/7
  2060 | D:2      | Reached skill level 4 in Unarmed Combat
  2208 | D:2      | Learned a level 3 spell: Spider Form
  2842 | D:3      | Noticed Ijyb
  2856 | D:3      | Reached XP level 5. HP: 36/36 MP: 6/8
  3602 | D:4      | Noticed an ogre
  3611 | D:4      | Killed an ogre
  3612 | D:4      | Reached skill level 5 in Unarmed Combat
  3612 | D:4      | Reached XP level 6. HP: 42/42 MP: 5/9
  4029 | D:4      | Noticed Grinder
  4193 | D:4      | Noticed Menkaure
  4270 | D:4      | Reached XP level 7. HP: 32/47 MP: 8/10
  4465 | D:4      | Noticed Natasha
  4472 | D:4      | Killed Natasha
  4511 | D:4      | Noticed Eustachio
  4860 | D:5      | Entered Level 5 of the Dungeon
  4908 | D:5      | Reached skill level 6 in Unarmed Combat
  6178 | D:4      | Killed Eustachio
  6179 | D:4      | Reached XP level 8. HP: 41/55 MP: 9/11
  6347 | D:4      | Killed Grinder
  6366 | D:4      | Noticed Natasha
  6372 | D:4      | Killed Natasha
  6596 | D:4      | Noticed Natasha
  6602 | D:4      | Killed Natasha
  6646 | D:6      | Found a shadowy altar of Dithmenos.
  6668 | D:6      | Found a staircase to the Ecumenical Temple.
  6692 | D:6      | HP: 1/55 [orc/+0 hand axe (6)]
  6693 | D:6      | Killed from afar by an orc wizard

Illustrated notes

Levels and vault maps discovered:
D:1:      mrwooster_arrival_statue_2, layout_basic,
          hellmonk_ecumenical_altar_run_dry
D:2:      layout_loops_ring, kennysheep_cross_room
D:3:      layout_basic, uniq_ijyb
D:4:      layout_loops_ring, uniq_eustachio, uniq_natasha, uniq_menkaure,
          uniq_grinder
D:5:      layout_basic
D:6:      layout_gridville, kennysheep_slug_shrine,
          nicolae_dithmenos_shadow_blocks, minmay_temple_entry_sparse_star,
          grunt_ministairs_15, roderic_lattice_a

Skill      XL: |  1  2  3  4  5  6  7  8 |
---------------+-------------------------+-----
Stealth        | 2 |  2.0
Fighting       | 2 3 5 |  5.3
Unarmed Combat | 4 5 6 |  6.3
Poison Magic   | 1 2 3 |  3.0
Dodging        | 3 4 |  4.6
Transmutations | 3 |  3.0
Spellcasting   | |  2.0

Action                   |  1- 3 |  4- 6 |  7- 9 || total
-------------------------+-------+-------+-------++-------
Melee: Unarmed           |    62 |    97 |    98 ||   257
       Kick              |    21 |    36 |    14 ||    71
       Constrict         |    17 |    27 |    10 ||    54
       Tentacles         |     9 |    20 |    14 ||    43
       Punch             |     2 |     3 |     3 ||     8
 Cast: Beastly Appendage |    23 |    30 |    12 ||    65
       Spider Form       |       |     3 |     4 ||     7
       Wereblood         |       |       |     1 ||     1
Evoke: Wand              |       |       |     2 ||     2
  Use: Potion            |     1 |       |     3 ||     4
       Scroll            |       |     4 |     2 ||     6
 Stab: Sleeping          |     4 |     6 |     5 ||    15
Armor: Skin              |     3 |     4 |     3 ||    10
Dodge: Dodged            |    24 |    40 |    77 ||   141

Table legend: (Time is in decaauts)
 A = Elapsed time spent in this place.
 B = Non-inter-level travel time spent in this place.
 C = Inter-level travel time spent in this place.
 D = Time resting spent in this place.
 E = Time spent auto-exploring this place.
 F = Levels seen in this place.
 G = Mean time per level.
                   A        B        C        D        E       F      G
               +--------+--------+--------+--------+--------+-----+--------+
         Total |   6671 |   6256 |    415 |    888 |   4499 |   6 | 1111.8 |
       Dungeon |   6671 |   6256 |    415 |    888 |   4499 |   6 | 1111.8 |
               +--------+--------+--------+--------+--------+-----+--------+

Top non-repeatable levels by time:
     D:4: 1916 daAuts
     D:2: 1502 daAuts
     D:5: 1257 daAuts
     D:1: 1026 daAuts
     D:3: 918 daAuts
     D:6: 50 daAuts
